 Dungeon Crawl Stone Soup version 0.27.1-37-g7b29ead8ac (console) character file.

Game seed: 15258711667598555979

253 grimtooth the Vexing (level 6, -1/32 HPs)
             Began as a Kobold Enchanter on Mar 15, 2023.
             Slain by a black bear (2 damage)
             ... on level 4 of the Dungeon.
             The game lasted 00:14:26 (5090 turns).

grimtooth the Vexing (Kobold Enchanter)             Turns: 5090, Time: 00:14:28

Health: -1/32      AC:  5    Str:  6    XL:     6   Next: 37%
Magic:  5/9        EV: 15    Int: 23    God:
Gold:   137        SH:  0    Dex: 16    Spells: 3/9 levels left

rFire    . . .     SeeInvis .   a - +1 dagger
rCold    . . .     Faith    .   (shield restricted)
rNeg     . . .     Spirit   .   b - +0 robe
rPois    .         Reflect  .   n - +0 helmet
rElec    .         Harm     .   c - +0 cloak
rCorr    .         Rampage  .   q - +0 pair of gloves
Will     .....                  (no boots)
Stlth    ++++......             (no amulet)
HPRegen  0.10/turn              m - +6 ring of intelligence
MPRegen  0.11/turn              o - ring of flight

@: flying
A: small, no large weapons, nightstalker 3
a: no special abilities


You were on level 4 of the Dungeon.
You visited 1 branch of the dungeon, and saw 4 of its levels.

You collected 137 gold pieces.

Inventory:

Hand Weapons
 a - a +1 dagger (weapon)
Missiles
 f - 17 sling bullets
 g - 61 stones
Armour
 b - a +0 robe (worn)
 c - a +0 cloak (worn)
 n - a +0 helmet (worn)
 q - a +0 pair of gloves (worn)
Jewellery
 m - a +6 ring of intelligence (left hand)
 o - a ring of flight (right hand)
Scrolls
 d - 4 scrolls of teleportation
 e - a scroll of enchant armour {unknown}
 h - a scroll of enchant weapon {unknown}
 j - a scroll of identify {unknown}
 t - a scroll of acquirement {unknown}
Potions
 i - a potion of lignification {unknown}
 k - 2 potions of heal wounds {unknown}
 l - a potion of flight {unknown}
 p - a potion of curing {unknown}
 r - a potion of cancellation {unknown}
Miscellaneous
 s - a box of beasts


   Skills:
 - Level 1.3 Short Blades
 - Level 2.4 Dodging
 - Level 4.0 Stealth
 - Level 2.1 Spellcasting
 * Level 6.7 Hexes


You had 3 spell levels left.
You knew the following spells:

 Your Spells              Type           Power      Damage    Failure   Level
a - Corona                Hex            36%        N/A       1%          1
e - Ensorcelled Hibernat  Hex/Ice        34%        N/A       4%          2
x - Confusing Touch       Hex            33%        N/A       2%          3

Your spell library contained the following spells:

 Spells                   Type           Power      Damage    Failure   Level
 Tukima's Dance           Hex            33%        N/A       2%          3
 Dazzling Flash           Conj/Hex       34%        N/A       10%         3
 Inner Flame              Hex/Fire       17%        N/A       10%         3
 Summon Guardian Golem    Hex/Summ       17%        N/A       10%         3
 Foxfire                  Conj/Fire      8%         2x1d4     13%         1
 Summon Small Mammal      Summ           8%         N/A       13%         1
 Call Canine Familiar     Summ           2%         N/A       36%         3
 Conjure Flame            Conj/Fire      2%         6-21      36%         3


Dungeon Overview and Level Annotations

Branches:
Dungeon (4/15)
 Temple: D:4-7

Altars:
Elyvilon
Hepliaklqana
Kikubaaqudgha

Shops:
D:3 :

Annotations:
D:3 exclusion: hobgoblin, Natasha
D:4 Duvessa


Innate Abilities, Weirdness & Mutations

You are small and have problems with some larger weapons.
You are completely attuned to the shadows.


Message History

Aiming: Ensorcelled Hibernation (safe; 4% risk of failure)
Press: ? - help, Shift-Dir - straight line, f - black bear
Aim: a black bear (severely wounded, chance to affect: 48%)
The black bear resists with some effort.
The black bear bites you. The black bear claws you.
The black bear barely misses you.
Casting: Ensorcelled Hibernation (safe; 4% risk of failure)
Confirm with . or Enter, or press ? or * to list all spells.
Aiming: Corona (safe; 1% risk of failure)
Press: ? - help, Shift-Dir - straight line, f/p - black bear
Aim: a black bear (severely wounded, chance to affect: 72%)
The black bear barely resists.
The black bear goes berserk!
Casting: Corona (safe; 1% risk of failure)
Confirm with . or Enter, or press ? or * to list all spells.
You can't see any susceptible monsters within range! (Use Z to cast anyway.)
Casting: Corona (safe; 1% risk of failure)
Confirm with . or Enter, or press ? or * to list all spells.
Aiming: Corona (safe; 1% risk of failure)
Press: ? - help, Shift-Dir - straight line, f/p - black bear
Aim: a black bear (severely wounded, berserk, chance to affect: 72%)
The black bear is outlined in light.
The black bear bites you!
The black bear claws you but does no damage.
The black bear completely misses you.
You hit the black bear.
The black bear is almost dead.
The black bear barely misses you. The black bear closely misses you.
The black bear barely misses you. The black bear bites you.
The black bear claws you. x2
You hit the black bear.
The black bear is almost dead.
The black bear barely misses you. The black bear claws you.
* * * LOW HITPOINT WARNING * * *
The black bear closely misses you.
You hit the black bear but do no damage.
The black bear is almost dead.
The black bear bites you!
* * * LOW HITPOINT WARNING * * *
The black bear misses you. The black bear barely misses you.
The black bear misses you. The black bear claws you.
You die...

#.#.###.#
#.#.###.#
#.#..##.#
#.##.##.#
#.......# ..
####.####...
#....#.....
##.........
#.#.#....
#.#.##.####
#.#...@h..#
#.####.##.#
#.# ..# ###


You could see a black bear (berserk, corona).

Vanquished Creatures
  2 orc priests (D:3)
  2 jellies (D:2)
  2 adders
  3 worms
  3 dart slugs
  6 orcs
  15 endoplasms
  3 giant cockroaches
  4 goblins
  4 hobgoblins
  8 jackals
  12 kobolds
  3 quokkas
  4 ball pythons
  8 bats
  3 frilled lizards
  10 rats
92 creatures vanquished.

Vanquished Creatures (others)
  A human (D:3)
  4 fungi (D:2)
  11 toadstools (D:2)
16 creatures vanquished.

Grand Total: 108 creatures vanquished

Notes
Turn   | Place    | Note
-------+----------+-------------------------------------------
     0 | D:1      | grimtooth the Kobold Enchanter began the quest for the Orb.
     0 | D:1      | Reached XP level 1. HP: 10/10 MP: 3/3
   462 | D:1      | Reached XP level 2. HP: 15/15 MP: 5/5
  1073 | D:1      | Reached skill level 4 in Hexes
  1073 | D:1      | Reached XP level 3. HP: 5/19 MP: 3/6
  2131 | D:2      | Reached XP level 4. HP: 24/24 MP: 7/7
  2243 | D:1      | Learned a level 3 spell: Confusing Touch
  2246 | D:1      | Learned a level 2 spell: Ensorcelled Hibernation
  2798 | D:2      | Reached skill level 5 in Hexes
  3379 | D:3      | Reached XP level 5. HP: 28/28 MP: 8/8
  3398 | D:3      | Found a faded altar of an unknown god.
  3408 | D:3      | Found Zeyhemip's Book Shop.
  3450 | D:3      | Noticed Natasha
  3929 | D:3      | Reached skill level 6 in Hexes
  4000 | D:3      | Found an ancient bone altar of Kikubaaqudgha.
  4002 | D:3      | Noticed a human
  4004 | D:3      | Killed a human
  4072 | D:3      | Found a white marble altar of Elyvilon.
  4076 | D:3      | Found a hazy altar of Hepliaklqana.
  4718 | D:4      | Reached XP level 6. HP: 32/32 MP: 9/9
  4966 | D:4      | Noticed Duvessa
  5080 | D:4      | Noticed a black bear
  5090 | D:4      | HP: 1/32 [black bear (8)]
  5090 | D:4      | Slain by a black bear

Illustrated notes

Levels and vault maps discovered:
D:1:      psy_arrival_terrarium, layout_basic
D:2:      cheibrodos_fertilizer, layout_rooms, serial_aquarium,
          aquarium_bridge_straight [aquarium_subvault_bridge,
          aquarium_subvault_window, aquarium_subvault_bridge,
          aquarium_subvault_window], aquarium_bridge_straight
          [aquarium_subvault_bridge, aquarium_subvault_wall,
          aquarium_subvault_bridge, aquarium_subvault_wall],
          aquarium_window_fake, aquarium_window_1, aquarium_window_1,
          aquarium_view_2a, aquarium_balcony_double_2
D:3:      minmay_octagon_keep, layout_basic, tgw_kikubaaqudgha,
          jmf_multi_god_temple, serial_shops, shop, basic_ecumenical_altar,
          uniq_natasha
D:4:      layout_loops_cross, uniq_sigmund, uniq_crazy_yiuf_cottage,
          uniq_duvessa

Skill      XL: |  1  2  3  4  5 |
---------------+----------------+-----
Hexes          | 4 5 6 |  6.7
Short Blades   | |  1.3
Dodging        | |  2.4
Stealth        | |  4.0
Spellcasting   | |  2.1

Action                   |  1- 3 |  4- 6 || total
-------------------------+-------+-------++-------
Melee: Dagger            |   122 |   240 ||   362
 Cast: Corona            |    19 |    44 ||    63
       Ensorcelled Hiber |       |    20 ||    20
  Use: Scroll            |       |     1 ||     1
 Stab: Sleeping          |    19 |    21 ||    40
Armor: Robe              |    15 |    50 ||    65
Dodge: Dodged            |    80 |   191 ||   271
